 Dungeon Crawl Stone Soup version 0.26-a0-466-g989023bd0d (webtiles) character file.

Game seed: 10725723794736488652

613 fig the Stinger (level 7, -11/61 HPs)
             Began as a Naga Venom Mage on Aug 15, 2020.
             Was an Initiate of Cheibriados.
             Mangled by an ogre
             ... wielding a +0 giant spiked club
              (21 damage)
             ... on level 4 of the Dungeon.
             The game lasted 00:14:02 (5853 turns).

fig the Stinger (Naga Venom Mage)                   Turns: 5853, Time: 00:14:04

Health: -11/61     AC:  9    Str: 14    XL:     7   Next: 44%
Magic:  5/12       EV:  9    Int: 16    God:    Cheibriados [......]
Gold:   295        SH:  0    Dex: 12    Spells: 7/13 levels left

rFire    + . .     SeeInvis +   w - +1 whip (pain)
rCold    + . .     Faith    .   (no shield)
rNeg     . . .     Spirit   .   s - +3 leather armour
rPois    +         Reflect  .   x - +1 helmet
rElec    .         Harm     .   (no cloak)
rCorr    .                      (no gloves)
MR       .....                  (no barding)
Stlth    ++........             (no amulet)
HPRegen  0.20/turn              g - ring of protection from fire
MPRegen  0.13/turn              i - ring of protection from cold

@: very slow
A: large, see invisible, deformed body, poison resistance, slowness 2, spit
poison 1, AC +2
a: Spit Poison, Bend Time, Renounce Religion


You were on level 4 of the Dungeon.
You worshipped Cheibriados.
Cheibriados was noncommittal.
You visited 2 branches of the dungeon, and saw 5 of its levels.

You collected 295 gold pieces.

Inventory:

Hand Weapons
 c - a +0 club
 e - a +0 spear
 k - a +0 mace
 w - a +1 whip of pain (weapon)
Missiles
 t - 10 poisoned darts (quivered)
 v - 4 boomerangs
Armour
 a - a +0 robe
 q - a +1 chain mail
 s - a +3 leather armour (worn)
 x - a +1 helmet (worn)
Magical Staves
 p - an uncursed staff of cold {unknown}
Jewellery
 g - a ring of protection from fire (left hand)
 i - a ring of protection from cold (right hand)
Scrolls
 d - 3 scrolls of identify {unknown}
 f - 4 scrolls of teleportation
 j - 3 scrolls of enchant armour
 l - a scroll of enchant weapon {unknown}
 m - 3 scrolls of remove curse
 n - a scroll of blinking {unknown}
 o - a scroll of immolation {unknown}
 y - a scroll of magic mapping {unknown}
Potions
 b - 2 potions of brilliance {unknown}
 h - 6 potions of curing {unknown}
 r - a potion of flight {unknown}
 u - a potion of stabbing {unknown}


   Skills:
 * Level 2.9 Fighting
 + Level 1.4 Maces & Flails
 * Level 2.2 Armour
 - Level 1.5 Dodging
 * Level 4.0 Stealth
 + Level 3.5 Spellcasting
 * Level 0.8 Conjurations
 + Level 1.3 Transmutations
 - Level 3.0 Air Magic
 + Level 5.5 Poison Magic


You had 7 spell levels left.
You knew the following spells:

 Your Spells              Type           Power        Failure   Level
a - Sting                 Tmut/Pois      ##..         5%          1
b - Poisonous Vapours     Pois/Air       ###...       5%          2
c - Mephitic Cloud        Conj/Pois/Air  ##......     19%         3

Your spell library contained the following spells:

 Spells                   Type           Power        Failure   Level
 Olgreb's Toxic Radiance  Pois           ###.....     22%         4
 Ignite Poison            Fire/Tmut/Pois ##......     26%         3


Dungeon Overview and Level Annotations

Branches:
Dungeon (4/15)             Temple (1/1) D:4

Altars:
Ashenzari
Cheibriados
Dithmenos
Elyvilon
Fedhas
Gozag
Hepliaklqana
Kikubaaqudgha
Makhleb
Nemelex Xobeh
Qazlal
Trog
Uskayaw
Wu Jian
Yredelemnul
Zin
The Shining One

Annotations:
D:3 exclusion: downstairs


Innate Abilities, Weirdness & Mutations

You cannot wear boots.
Your serpentine skin is tough. (AC +2)
You have supernaturally acute eyesight. (SInv)
Armour fits poorly on your strangely shaped body.
Your system is resistant to poisons. (rPois)
You cover ground very slowly.
You can spit poison.


Message History

Casting: Poisonous Vapours (safe; 5% risk of failure)
Confirm with . or Enter, or press ? or * to list all spells.
Aiming: Poisonous Vapours (safe; 5% risk of failure)
Press: ? - help, Dir - move target cursor, f/p - ogre
Aim: an ogre, wielding a +0 giant spiked club (moderately wounded, poisoned) Poisonous vapours surround the ogre!
The ogre is engulfed in poison gas.
The ogre looks even sicker.
The ogre hits you with a +0 giant spiked club!!
* * * LOW HITPOINT WARNING * * *
The centaur skeleton hits you but does no damage.
Okay, then.
Casting: Poisonous Vapours (safe; 5% risk of failure)
Confirm with . or Enter, or press ? or * to list all spells.
Aiming: Sting (safe; 5% risk of failure)
Press: ? - help, Shift-Dir - straight line, f/p - ogre
Aim: an ogre, wielding a +0 giant spiked club (severely wounded, very poisoned)
The sting hits the ogre.
The ogre looks even sicker.
The ogre is severely wounded.
The ogre hits you with a +0 giant spiked club!!
You die...

.................#.########..##.#
.#.#.#.#.#......................#
.............#............#..####
.......#...........######.#..#
.....................# #.#).#
..........+........#.####.#..####
.#..#...#...#...#.#.....#........
.....###.....###..........#..####
.....# ..... #@######.#.#..####
.....## ..... #O....†......[....
....#...#####..Z#.........#.#####
........# #.....#######.#.#
#.....#.+ #... .# #.#.# #.....#.#
#... .# #.#.# ....#...# #... .#
#.#.# .....##+ .+## .. ..#.#
.....# +. ## ###.#


You could see an ogre (very poisoned) and a centaur skeleton.

Vanquished Creatures
  A scorpion (D:4)
  3 orc priests (D:4)
  A hound (D:4)
  An iguana (D:4)
  Ijyb (D:4)
  Terence (D:2)
  An orc wizard (D:3)
  6 worker ants (D:4)
  A hound skeleton (D:4)
  3 gnolls (D:4)
  6 adders
  2 oozes
  3 worms
  3 dart slugs
  5 leopard geckos
  2 orcs (D:3)
  2 ball pythons
  2 bats
  4 giant cockroaches
  9 goblins
  7 hobgoblins
  3 jackals (D:1)
  3 quokkas
  7 frilled lizards
  3 kobolds
  10 rats
90 creatures vanquished.

Vanquished Creatures (others)
  An adder skeleton (D:4)
1 creature vanquished.

Grand Total: 91 creatures vanquished

Notes
Turn   | Place    | Note
-------+----------+-------------------------------------------
     0 | D:1      | fig the Naga Venom Mage began the quest for the Orb.
     0 | D:1      | Reached XP level 1. HP: 15/15 MP: 3/3
   348 | D:1      | Reached XP level 2. HP: 24/24 MP: 1/5
   395 | D:1      | Learned a level 2 spell: Poisonous Vapours
   605 | D:1      | Reached skill level 1 in Fighting
   813 | D:1      | Reached XP level 3. HP: 28/31 MP: 6/6
  2116 | D:2      | Reached skill level 1 in Armour
  2116 | D:2      | Reached XP level 4. HP: 38/38 MP: 0/7
  2492 | D:2      | Noticed Terence
  2503 | D:2      | Killed Terence
  2503 | D:2      | Reached skill level 1 in Maces & Flails
  2503 | D:2      | Reached skill level 1 in Air Magic
  3082 | D:3      | Reached XP level 5. HP: 44/44 MP: 1/8
  3257 | D:3      | Found a white marble altar of Elyvilon.
  3327 | D:3      | Found a bloodstained altar of Trog.
  4534 | D:4      | Reached skill level 5 in Poison Magic
  4534 | D:4      | Reached XP level 6. HP: 52/52 MP: 3/10
  4924 | D:4      | Learned a level 3 spell: Mephitic Cloud
  5012 | D:4      | Reached XP level 7. HP: 54/61 MP: 11/11
  5188 | D:4      | Found a staircase to the Ecumenical Temple.
  5322 | Temple   | Entered the Ecumenical Temple
  5416 | Temple   | Became a worshipper of Cheibriados the Contemplative
  5500 | D:4      | Noticed Ijyb
  5508 | D:4      | Killed Ijyb
  5853 | D:4      | Mangled by an ogre

Illustrated notes

Levels and vault maps discovered:
D:1:      dpeg_arrival_short_road, layout_basic, serial_glass, glass_columns_a,
          glass_columns_a, minmay_strange_pillars, feat_on_display,
          wander_ebering_terrifying_dragon_lair
D:2:      layout_rooms, uniq_terence
D:3:      layout_loops_ring, lemuel_doored_altar, kennysheep_path_1,
          trog_butcher_becter
D:4:      layout_basic, minmay_temple_entry_hall, hangedman_decor_riveting,
          minmay_fractal_squares_diagonal_5, uniq_robin, uniq_ijyb
Temple:   regret_index_temple_sphere_string

Skill      XL: |  1  2  3  4  5  6  7 |
---------------+----------------------+-----
Fighting       | 1 2 |  2.9
Armour         | 1 2 |  2.2
Maces & Flails | 1 |  1.4
Air Magic      | 1 2 3 |  3.0
Poison Magic   | 5 |  5.5
Spellcasting   | 3 |  3.5
Stealth        | 4 |  4.0
Dodging        | |  1.5
Conjurations   | |  0.8
Transmutations | |  1.3

Action                   |  1- 3 |  4- 6 |  7- 9 || total
-------------------------+-------+-------+-------++-------
Melee: Unarmed           |     9 |       |       ||     9
       Club              |    34 |       |       ||    34
       Mace              |    40 |    44 |       ||    84
       Whip              |       |    33 |    34 ||    67
 Cast: Sting             |    10 |       |     3 ||    13
       Poisonous Vapours |     9 |    59 |    19 ||    87
 Abil: Spit Poison       |     4 |       |       ||     4
  Use: Scroll            |       |     3 |       ||     3
 Stab: Sleeping          |     3 |     1 |       ||     4
Armor: Robe              |    19 |     5 |       ||    24
       Leather armour    |       |    24 |    25 ||    49
Dodge: Dodged            |    57 |    53 |    21 ||   131

Table legend: (Time is in decaauts)
 A = Elapsed time spent in this place.
 B = Non-inter-level travel time spent in this place.
 C = Inter-level travel time spent in this place.
 D = Time resting spent in this place.
 E = Time spent auto-exploring this place.
 F = Levels seen in this place.
 G = Mean time per level.
                   A        B        C        D        E       F      G
               +--------+--------+--------+--------+--------+-----+--------+
         Total |   7008 |   6698 |    310 |   2249 |   3652 |   5 | 1401.6 |
       Dungeon |   6838 |   6564 |    274 |   2249 |   3530 |   4 | 1709.5 |
        Temple |    169 |    133 |     36 |      0 |    121 |   1 |  169.0 |
               +--------+--------+--------+--------+--------+-----+--------+

Top non-repeatable levels by time:
     D:1: 2327 daAuts
     D:3: 1835 daAuts
     D:4: 1462 daAuts
     D:2: 1213 daAuts
  Temple: 169 daAuts
